 Seeded DCSS version 0.31-a0-703-gcfe89afef6 (webtiles) character file.

Game seed: 5017591152642433436 (custom seed)

5532 bmack86 the Severer (level 10, -4/77 HPs)
             Began as a Minotaur Fighter on Sept 8, 2023.
             Was a High Priest of Okawaru.
             Slain by a hornet (12 damage)
             ... on level 9 of the Dungeon.
             The game lasted 00:15:11 (7884 turns).

bmack86 the Severer (Minotaur Fighter)              Turns: 7884, Time: 00:15:11

Health: -4/77      AC: 26    Str: 24    XL:     10   Next: 43%
Magic:  1/15       EV:  8    Int:  5    God:    Okawaru [*****.]
Gold:   137        SH:  6    Dex: 11    Spells: 9/9 levels left

rFire   . . .        z - +1 war axe (flame)
rCold   . . .        c - +0 buckler
rNeg    . . .        A - +3 plate armour {rPois}
rPois   +            (helmet restricted)
rElec   .            B - +0 cloak
rCorr   .            f - +3 Mad Mage's Maulers {Infuse+∞ VampMP -Cast}
SInv    .            s - +2 pair of boots
Will    .....        n - amulet of magic regeneration Stlth
                     r - ring of flight
HPRegen 0.32/turn    (no ring)
MPRegen 0.54/turn

%: no spellcasting, infuse magic (1 MP)
@: heroic, marked, flying
A: horns 2, retaliatory headbutt
a: Renounce Religion, Heroism, Finesse, Duel


You were on level 9 of the Dungeon.
You worshipped Okawaru.
Okawaru was extremely pleased with you.
You visited 2 branches of the dungeon, and saw 10 of its levels.

You collected 544 gold pieces.
You spent 407 gold pieces at shops.

Inventory:

Hand Weapons
 a - a +0 war axe of protection
 z - a +1 war axe of flaming (weapon)
Missiles
 i - 3 silver javelins
 v - 5 throwing nets
Armour
 b - a +0 scale mail
 c - a +0 buckler (worn)
 e - a +0 chain mail
 f - the +3 Mad Mage's Maulers (worn) {Infuse+∞ VampMP -Cast}
   (You acquired it on level 2 of the Dungeon)

   Infuse+∞: It empowers its wearer's blows with all of their magic.
   VampMP:    Blows struck in melee replenish the wearer's magic.
   -Cast:     It prevents spellcasting.
 s - a +2 pair of boots (worn)
 A - a +3 plate armour of poison resistance (worn)
 B - a +0 cloak (worn)
Jewellery
 n - an amulet of magic regeneration (around neck)
 r - a ring of flight (left hand)
Wands
 h - a wand of flame (22)
 t - a wand of mindburst (13)
Scrolls
 k - 3 scrolls of amnesia
 m - a scroll of vulnerability {unknown}
 p - 3 scrolls of identify
 u - a scroll of fog
 x - a scroll of fear {unknown}
 y - a scroll of poison
Potions
 d - a potion of might
 j - a potion of curing
 l - a potion of magic
 o - a potion of mutation
 q - 2 potions of enlightenment
 w - 2 potions of lignification


   Skills:
 - Level 3.6(8.6) Fighting
 * Level 15.5(20.5) Axes
 - Level 3.6(8.6) Armour
 - Level 5.0(10.0) Shields
 - Level 8.0 Invocations


You had 9 spell levels left.
You didn't know any spells.
Your spell library contained the following spells:

 Spells                   Type           Power      Damage    Failure   Level
 Apportation              Tloc           0%         N/A       100%        1
 Cigotuvi's Dreadful Rot  Necr/Pois/Air  0%         N/A       100%        2
 Jinxbite                 Hex            0%         N/A       100%        2
 Dazzling Flash           Conj/Hex       0%         N/A       100%        3
 Ignite Poison            Fire/Tmut/Pois 0%         N/A       100%        3
 Agony                    Necr           0%         N/A       100%        5
 Alistair's Intoxication  Tmut/Pois      0%         N/A       100%        5
 Freezing Cloud           Conj/Ice/Air   0%         6-21      100%        5
 Silence                  Hex/Air        0%         N/A       100%        5
 Summon Small Mammal      Summ           Unusable   N/A       N/A         1
 Call Canine Familiar     Summ           Unusable   N/A       N/A         3
 Summon Guardian Golem    Hex/Summ       Unusable   N/A       N/A         3

Dungeon Overview and Level Annotations

Branches:
Dungeon (9/15)             Temple (1/1) D:5
   Lair: D:8-11         Orc: D:9-12

Altars:
Ashenzari
Cheibriados
Dithmenos
Elyvilon
Fedhas
Gozag
Hepliaklqana
Kikubaaqudgha
Nemelex Xobeh
Okawaru
Qazlal
Sif Muna
Trog
Uskayaw
Vehumet
Wu Jian
Xom
Yredelemnul
Zin
The Shining One

Shops:
D:3 [   D:7 [

Annotations:
D:7 3 runed translucent doors, justen's ghost, novice TrSh; lunkers's ghost, novice MeSh; soul19's ghost, novice GnIE; ytrimaz's ghost, novice OpSh


Innate Abilities, Weirdness & Mutations

You have a pair of horns on your head.
You reflexively headbutt those who attack you in melee.


Message History

Items here: )) [[[ †††.
Okay, then.
Joseph, a Mercenary comes into view.
He is wielding a +0 quarterstaff.
Joseph unwields a +0 quarterstaff.
Joseph wields a +0 sling.
Joseph shoots a sling bullet.
The sling bullet hits you!
Joseph shoots a sling bullet.
The sling bullet hits you!
* * * LOW HITPOINT WARNING * * *
Joseph shoots a sling bullet.
You block the sling bullet.
Joseph shoots a sling bullet.
The sling bullet hits you!
* * * LOW HITPOINT WARNING * * *
Joseph unwields a +0 sling.
Joseph wields a +0 quarterstaff.
Joseph hits you but does no damage.
You feel better. Joseph hits you but does no damage.
You slash Joseph! You burn Joseph.
Joseph is lightly wounded.
Joseph hits you with a +0 quarterstaff!
* * * LOW HITPOINT WARNING * * *
Okay, then.
You feel better. Joseph hits you with a +0 quarterstaff.
* * * LOW HITPOINT WARNING * * *
You closely miss Joseph. You headbutt Joseph!
Joseph is moderately wounded.
A hornet comes into view.
You slice Joseph!! You burn Joseph!
Joseph is severely wounded.
You block Joseph's attack.
You barely miss Joseph. You headbutt Joseph, but do no damage.
Joseph is severely wounded.
Joseph hits you with a +0 quarterstaff.
* * * LOW HITPOINT WARNING * * *
You completely miss Joseph.
Joseph is severely wounded.
You block Joseph's attack.
Okay, then.
You slash Joseph! You burn Joseph!
You kill Joseph!
Okawaru is honoured by your kill.
You gain the combat prowess of a mighty hero.
The hornet stings you!
You die...

###### ... ...... #..
###########.#
..........#.#.#+###+##
###.##......#..y.....# #.#
#.#.# #@# # #)# #.# #.# .#
###.#######.# #.# ###.#####
...)........####.###........
###)##...........).$.8.....8
###)################........
)...# #........ #####
#........ #.....>..


You could see a hornet.

Vanquished Creatures
  Harold (D:9)
  Pikel (D:6)
  Joseph (D:9)
  A troll (D:9)
  A hornet (D:9)
  A steam dragon (D:7)
  4 water moccasins
  An orc warrior (D:9)
  2 ice beasts (D:5)
  3 sky beasts
  An ogre (D:5)
  2 centaurs (D:6)
  A lemure (D:6)
  A kobold brigand (D:8)
  Blork the orc (D:4)
  6 bullfrogs
  4 necrophages (D:4)
  5 scorpions
  5 wights (D:9)
  12 killer bees
  2 howler monkeys
  A hound (D:6)
  2 orc priests (D:4)
  A jelly (D:6)
  A gnoll bouda (D:7)
  Natasha (D:2)
  3 scorpion zombies (D:4)
  4 iguanas
  An orc wizard (D:8)
  4 adders
  A shadow imp (D:7)
  An adder zombie (D:4)
  13 orcs
  4 bats
  8 endoplasms
  3 giant cockroaches
  6 goblins
  4 hobgoblins
  7 jackals
  8 kobolds
  4 quokkas
  4 ball pythons
  3 frilled lizards
  3 rats (D:1)
143 creatures vanquished.

Notes
Turn   | Place    | Note
-------+----------+-------------------------------------------
     0 | D:1      | bmack86 the Minotaur Fighter began the quest for the Orb.
     0 | D:1      | Reached XP level 1. HP: 19/19 MP: 0/0
   202 | D:1      | Reached XP level 2. HP: 26/26 MP: 1/1
   532 | D:1      | You fall into a shaft and drop 1 floor!
   533 | D:2      | Identified a scroll of acquirement
   533 | D:2      | Acquired the +3 Mad Mage's Maulers {Infuse+∞ VampMP -Cast}
   533 | D:2      | Found the +3 Mad Mage's Maulers {Infuse+∞ VampMP -Cast}
   601 | D:2      | Reached skill level 3 in Axes
   804 | D:2      | Reached XP level 3. HP: 31/31 MP: 2/2
  1153 | D:2      | Identified the +1 helmet "Weubel" {rC+ Will- Int+4 Slay-3}
  1371 | D:2      | Found a faded altar of an unknown god.
  1643 | D:2      | Noticed Natasha
  1650 | D:2      | Killed Natasha
  1651 | D:2      | Reached skill level 4 in Axes
  1651 | D:2      | Reached skill level 5 in Shields
  1651 | D:2      | Reached XP level 4. HP: 37/39 MP: 0/3
  1796 | D:3      | Found a basalt altar of Yredelemnul.
  1969 | D:3      | Found an iron altar of Okawaru.
  1974 | D:3      | Became a worshipper of Warmaster Okawaru
  2109 | D:3      | Noticed an animated plate armour
  2111 | D:3      | Found Erhownepn's Armour Emporium.
  2113 | D:3      | Noticed an animated crystal plate armour
  2163 | D:3      | Found a broken altar of Ashenzari.
  2320 | D:3      | Found an ancient bone altar of Kikubaaqudgha.
  2484 | D:4      | Noticed a scorpion
  2501 | D:4      | Killed a scorpion
  2502 | D:4      | Reached skill level 5 in Axes
  2502 | D:4      | Reached skill level 1 in Invocations
  2502 | D:4      | Reached XP level 5. HP: 40/45 MP: 0/4
  2519 | D:4      | Found an ornate altar of the Wu Jian Council.
  2847 | D:4      | Noticed a +0 dagger
  2848 | D:4      | Noticed a +0 hand axe
  2853 | D:4      | Found a hide-covered altar of Uskayaw.
  2863 | D:4      | Noticed Blork the orc
  2871 | D:4      | Killed Blork the orc
  2871 | D:4      | Reached * piety under Okawaru
  2872 | D:4      | Reached skill level 6 in Axes
  2872 | D:4      | Reached XP level 6. HP: 47/51 MP: 1/6
  3475 | D:4      | Found a glowing golden altar of the Shining One.
  3891 | D:4      | Found a blossoming altar of Fedhas.
  3933 | D:4      | Reached skill level 7 in Axes
  3942 | D:4      | Reached XP level 7. HP: 41/57 MP: 0/8
  3947 | D:4      | Reached skill level 8 in Axes
  4147 | D:5      | Entered Level 5 of the Dungeon
  4306 | D:5      | Found a staircase to the Ecumenical Temple.
  4318 | Temple   | Entered the Ecumenical Temple
  4329 | D:5      | Reached ** piety under Okawaru
  4349 | D:5      | Reached skill level 9 in Axes
  4349 | D:5      | Reached XP level 8. HP: 62/64 MP: 2/10
  4377 | D:5      | Reached skill level 5 in Invocations
  4670 | D:5      | Reached skill level 10 in Axes
  4691 | D:5      | Found a white marble altar of Elyvilon.
  5156 | D:6      | Reached *** piety under Okawaru
  5523 | D:6      | Found a radiant altar of Vehumet.
  5626 | D:6      | Noticed Pikel
  5631 | D:6      | Killed Pikel
  5632 | D:6      | Reached skill level 11 in Axes
  5632 | D:6      | Reached XP level 9. HP: 68/70 MP: 3/12
  5713 | D:6      | Received a gift from Okawaru
  5980 | D:7      | Reached skill level 12 in Axes
  6150 | D:7      | Found a hazy altar of Hepliaklqana.
  6191 | D:7      | Found a sacrificial altar of Ru.
  6194 | D:7      | Found a snail-covered altar of Cheibriados.
  6194 | D:7      | Found a glowing silver altar of Zin.
  6196 | D:7      | Found a stormy altar of Qazlal.
  6196 | D:7      | Found a shimmering altar of Xom.
  6196 | D:7      | Found a sparkling altar of Nemelex Xobeh.
  6265 | D:7      | Found a runed translucent gate.
  6265 | D:7      | Found a runed translucent gate.
  6266 | D:7      | Found Pyati's Armour Shop.
  6270 | D:7      | Found a runed translucent gate.
  6270 | D:7      | Noticed lunkers's ghost (novice MeSh)
  6281 | D:7      | Noticed justen's ghost (novice TrSh)
  6282 | D:7      | Noticed soul19's ghost (novice GnIE)
  6282 | D:7      | Noticed ytrimaz's ghost (novice OpSh)
  6519 | D:7      | Reached **** piety under Okawaru
  6525 | D:7      | Reached skill level 13 in Axes
  6644 | D:7      | Found a stormy altar of Qazlal.
  6746 | D:7      | Bought a +2 plate armour of poison resistance for 407 gold
                  | pieces
  7648 | D:9      | Reached XP level 10. HP: 77/77 MP: 2/15
  7656 | D:9      | Reached skill level 14 in Axes
  7840 | D:9      | Noticed Harold
  7852 | D:9      | Killed Harold
  7852 | D:9      | Reached ***** piety under Okawaru
  7855 | D:9      | Reached skill level 15 in Axes
  7870 | D:9      | Noticed Joseph
  7883 | D:9      | Killed Joseph
  7884 | D:9      | Slain by a hornet

Illustrated notes

Levels and vault maps discovered:
D:1:      eino_arrival_water_star, layout_loops_ring
D:2:      layout_basic, shapermc_ecumenical_altar_mp_urbaneastern, uniq_natasha
D:3:      layout_basic, nicolae_overflow_crystal_walls, marbit_many_paths,
          mainiacjoe_overflow_24_doors, mainiacjoe_overflow_paths, serial_shops,
          nicolae_shop_mannequins
D:4:      layout_layer_cave, dancing_weapons_uskayaw,
          mainiacjoe_overflow_small_starburst, overflow_temple_1_default,
          fedhas_altar_decomposition, uniq_blork_the_orc
D:5:      layout_basic, amcnicky_altar_gilded, minmay_temple_entry_junction
D:6:      layout_cave_pods, nicolae_overflow_hidden_temple,
          kennysheep_generic_room_2, uniq_pikel
D:7:      layout_rooms, doesnt_xom_only_xom, lemuel_coloured_pillars_altar,
          mainiacjoe_overflow_catwalk, serial_shops, shop,
          gammafunk_ghost_cemetery, kennysheep_generic_room_8
D:8:      layout_gridville, minivault_11, kennysheep_boxes
D:9:      layout_basic, nicolae_ru_the_path_less_chosen,
          mainiacjoe_overflow_six_doors_small, david_lair_generic,
          serial_bayou_lagoon_a, st_stairs_1, uniq_jeremiah, uniq_harold,
          uniq_joseph
Temple:   hellmonk_temple_rainy

Skill      XL: |  1  2  3  4  5  6  7  8  9 10 |
---------------+-------------------------------+-----
Shields        | 4 5 |  5.0
Axes           | 3 4 5 6 7 9 11 13 15 | 15.5
Invocations    | 1 2 3 4 6 8 |  8.0
Fighting       | |  3.6
Armour         | |  3.6

Action                     |  1- 3 |  4- 6 |  7- 9 | 10-12 || total
---------------------------+-------+-------+-------+-------++-------
  Melee: War axe           |    43 |   104 |   163 |    25 ||   335
         Headbutt          |     3 |    23 |    31 |    10 ||    67
 Invoke: Heroism           |       |       |     1 |     1 ||     2
    Use: Scroll            |     2 |       |    13 |       ||    15
         Potion            |       |       |     2 |     2 ||     4
 Armour: Scale mail        |    14 |       |       |       ||    14
         Chain mail        |    32 |    62 |   102 |       ||   196
         Plate armour      |       |       |    40 |    28 ||    68
  Dodge: Dodged            |    28 |    24 |    63 |     4 ||   119
  Block: Buckler           |     8 |    19 |    46 |     5 ||    78

Table legend: (Time is in decaauts)
 A = Elapsed time spent in this place.
 B = Non-inter-level travel time spent in this place.
 C = Inter-level travel time spent in this place.
 D = Time resting spent in this place.
 E = Time spent auto-exploring this place.
 F = Levels seen in this place.
 G = Mean time per level.
                   A        B        C        D        E       F      G
               +--------+--------+--------+--------+--------+-----+--------+
         Total |   7915 |   7601 |    314 |    257 |   6065 |  10 |  791.5 |
       Dungeon |   7913 |   7599 |    314 |    257 |   6065 |   9 |  879.2 |
        Temple |      1 |      1 |      0 |      0 |      0 |   1 |    1.0 |
               +--------+--------+--------+--------+--------+-----+--------+

Top non-repeatable levels by time:
     D:4: 1702 daAuts
     D:6: 980 daAuts
     D:2: 963 daAuts
     D:8: 841 daAuts
     D:5: 838 daAuts
     D:7: 801 daAuts
     D:1: 792 daAuts
     D:3: 733 daAuts
     D:9: 261 daAuts
  Temple: 1 daAuts
